 Dungeon Crawl Stone Soup version 0.28.0-53-g5a82cb258f (webtiles) character file.

Game seed: 2859937220232847605

844 PentaManta the Cutter (level 8, 0/43 HPs)
             Began as a Kobold Artificer on June 16, 2022.
             Was a Follower of Uskayaw.
             Succumbed to a water moccasin's poison
             ... on level 6 of the Dungeon.
             The game lasted 00:08:23 (6595 turns).

PentaManta the Cutter (Kobold Artificer)            Turns: 6595, Time: 00:08:23

Health: 0/43       AC:  5    Str:  9    XL:     8   Next: 20%
Magic:  8/8        EV: 19    Int: 12    God:    Uskayaw [*.....]
Gold:   276        SH:  0    Dex: 18    Spells: 7/7 levels left

rFire   . . .      SeeInvis .   n - +0 dagger (venom)
rCold   . . .      Faith    .   (no shield)
rNeg    . . .      Spirit   .   k - +1 robe of Ynycuh {Stlth+}
rPois   .          Reflect  .   o - +0 helmet
rElec   .          Harm     .   (no cloak)
rCorr   .          Rampage  .   f - +0 pair of gloves
Will    .....                   (no boots)
Stlth   +++++.....              (no amulet)
HPRegen 0.14/turn               (no ring)
MPRegen 0.11/turn               (no ring)

@: mighty, lethally poisoned (0 -> -6), invisible
A: small, no large weapons, nightstalker 3
a: Renounce Religion, Stomp


You were on level 6 of the Dungeon.
You worshipped Uskayaw.
Uskayaw was noncommittal.
You visited 2 branches of the dungeon, and saw 7 of its levels.

You collected 276 gold pieces.

Inventory:

Hand Weapons
 i - a +1 rapier of distortion
 n - a +0 dagger of venom (weapon)
 p - a +0 short sword of draining
Missiles
 r - a boomerang
Armour
 b - a +0 leather armour
 f - a +0 pair of gloves (worn)
 k - the +1 robe of Ynycuh (worn) {Stlth+}
   (You found it on level 3 of the Dungeon)

   Stlth:     It makes you more stealthy.
 o - a +0 helmet (worn)
Jewellery
 m - an amulet of magic regeneration
Wands
 c - a wand of flame (20) (quivered)
 d - a wand of charming (15)
Scrolls
 a - a scroll of magic mapping {unknown}
 j - a scroll of fog {unknown}
 q - a scroll of enchant weapon {unknown}
 s - 3 scrolls of identify {unknown}
 v - a scroll of teleportation {unknown}
 w - a scroll of immolation {unknown}
Potions
 g - a potion of lignification {unknown}
 h - a potion of invisibility
 t - a potion of curing {unknown}
 u - a potion of flight {unknown}
 x - a potion of berserk rage {unknown}
Miscellaneous
 e - a piece from Xom's chessboard (15/15)


   Skills:
 - Level 1.1 Fighting
 + Level 7.6 Short Blades
 - Level 0.7 Armour
 * Level 7.1 Dodging
 - Level 4.0 Stealth
 - Level 4.0 Evocations


You had 7 spell levels left.
You didn't know any spells.
Your spell library contained the following spells:

 Spells                   Type           Power      Damage    Failure   Level
 Animate Skeleton         Necr           0%         N/A       32%         1
 Pain                     Necr           0%         1d4       32%         1
 Corpse Rot               Necr/Air       0%         N/A       45%         2
 Poisonous Vapours        Pois/Air       0%         N/A       45%         2
 Sublimation of Blood     Necr           0%         N/A       45%         2
 Wereblood                Tmut           0%         N/A       45%         2
 Vampiric Draining        Necr           0%         2d6       69%         3
 Summon Hydra             Summ           0%         N/A       100%        7


Dungeon Overview and Level Annotations

Branches:
Dungeon (6/15)             Temple (1/1) D:5

Altars:
Ashenzari
Cheibriados
Dithmenos
Elyvilon
Fedhas
Gozag
Hepliaklqana
Kikubaaqudgha
Makhleb
Nemelex Xobeh
Okawaru
Qazlal
Ru
Trog
Uskayaw
Vehumet
Wu Jian
Xom
Yredelemnul
Zin
The Shining One


Innate Abilities, Weirdness & Mutations

You are small and have problems with some larger weapons.
You are completely attuned to the shadows.


Message History

The water moccasin is moderately wounded.
The water moccasin misses you.
You hit the water moccasin but do no damage.
The water moccasin is moderately wounded.
The water moccasin bites you.
You barely miss the water moccasin.
The water moccasin is heavily wounded.
The water moccasin barely misses you.
You hit the water moccasin.
The water moccasin is heavily wounded.
The water moccasin bites you.
You are poisoned.
The water moccasin poisons you!
You hit the water moccasin but do no damage.
The water moccasin is heavily wounded.
You feel very sick. The water moccasin bites you.
Aiming: Throw Flame
Press: ? - help, Q - select action, (/) - cycle Shift-Dir - straight line, f - water moccasin
Aim: a water moccasin (heavily wounded, poisoned, 53% to hit)
The puff of flame misses the water moccasin.
You feel sick.
The water moccasin bites you but does no damage.
Aiming: Throw Flame
Press: ? - help, Q - select action, (/) - cycle Shift-Dir - straight line, f/p - water moccasin
Aim: a water moccasin (heavily wounded, poisoned, 53% to hit)
The puff of flame misses the water moccasin.
You feel very sick.
The water moccasin completely misses you.
The water moccasin bites you!
* * * LOW HITPOINT WARNING * * *
It was a potion of invisibility.
You fade into invisibility!
* * * LOW HITPOINT WARNING * * *
You feel sick.
The water moccasin completely misses you.
Unknown command.
It was a potion of might.
You feel very mighty all of a sudden.
You die...

#........
#........#
#.........
#.....†..#
#.......#
##...#(.#
####..).... #
#.....@.###
#.#.###.S.#
##.#.###...#### .
..............+
#.###.#..#....####
......#.###...#
#.##.#.## ##..#
#.##.###.#.#
#.###.#.##.#


You could see a water moccasin (poisoned).

Vanquished Creatures
  2 sky beasts (D:5)
  A black bear (D:6)
  An ogre (D:5)
  A phantom (D:5)
  A scorpion (D:5)
  A water moccasin skeleton (D:4)
  A howler monkey (D:5)
  A bullfrog skeleton (D:5)
  A hound (D:5)
  A jelly (D:5)
  Terence (D:3)
  A hound skeleton (D:4)
  Robin (D:3)
  A gnoll (D:1)
  3 adders
  A shadow imp (D:4)
  A worm (D:2)
  2 dart slugs
  3 orcs
  5 ball pythons
  2 endoplasms
  2 giant cockroaches
  13 goblins
  6 hobgoblins
  6 jackals
  6 kobolds
  5 quokkas
  8 bats
  7 frilled lizards
  6 rats
91 creatures vanquished.

Vanquished Creatures (others)
  2 plants (D:5)
2 creatures vanquished.

Grand Total: 93 creatures vanquished

Notes
Turn   | Place    | Note
-------+----------+-------------------------------------------
     0 | D:1      | PentaManta the Kobold Artificer began the quest for the
                  | Orb.
     0 | D:1      | Reached XP level 1. HP: 12/12 MP: 1/1
   307 | D:1      | Reached XP level 2. HP: 15/16 MP: 2/2
  1045 | D:1      | Reached XP level 3. HP: 20/20 MP: 3/3
  1298 | D:1      | Reached skill level 1 in Short Blades
  1795 | D:2      | Reached XP level 4. HP: 24/25 MP: 4/4
  2356 | D:3      | Identified the +1 robe of Ynycuh {Stlth+}
  2396 | D:3      | Noticed Robin
  3653 | D:3      | Killed Robin
  3654 | D:3      | Reached XP level 5. HP: 25/29 MP: 5/5
  3776 | D:3      | Found a faded altar of an unknown god.
  3879 | D:3      | Noticed Terence
  3883 | D:3      | Killed Terence
  4316 | D:4      | Reached skill level 5 in Short Blades
  4316 | D:4      | Reached XP level 6. HP: 34/34 MP: 6/6
  5015 | D:5      | Entered Level 5 of the Dungeon
  5015 | D:5      | Noticed a sky beast
  5017 | D:5      | Killed a sky beast
  5021 | D:5      | Reached XP level 7. HP: 38/38 MP: 7/7
  5044 | D:5      | Found a staircase to the Ecumenical Temple.
  5053 | Temple   | Entered the Ecumenical Temple
  5227 | Temple   | Became a worshipper of Uskayaw the Reveller
  5296 | D:5      | Reached * piety under Uskayaw
  5297 | D:5      | Reached skill level 5 in Dodging
  5454 | D:5      | Reached ** piety under Uskayaw
  5936 | D:5      | You fall into a shaft and drop 1 floor!
  6055 | D:5      | Reached XP level 8. HP: 43/43 MP: 8/8
  6118 | D:5      | Found a bloodstained altar of Trog.
  6118 | D:5      | Found a blossoming altar of Fedhas.
  6132 | D:5      | Found a stormy altar of Qazlal.
  6594 | D:6      | HP: 2/43 [poisoned by a water moccasin]
  6595 | D:6      | Succumbed to a water moccasin's poison

Illustrated notes

Levels and vault maps discovered:
D:1:      psy_arrival_spokes, layout_loops_ring, minmay_misc_feat_cross,
          minmay_misc_feat_five
D:2:      layout_basic
D:3:      layout_loops_ring, dreamdust_ecumenical_altar_angels_and_demons,
          hangedman_decor_growths, uniq_robin, uniq_terence
D:4:      layout_gridville, moated_statue
D:5:      layout_rooms, chequers_temple_overflow_statue_of_worship,
          minmay_temple_entry_mini_moons, chequers_big_river,
          serial_bayou_pond_d, minmay_hedge_maze
D:6:      layout_loops_corners, uniq_grinder
Temple:   mainiacjoe_temple_coin_purse

Skill      XL: |  1  2  3  4  5  6  7  8 |
---------------+-------------------------+-----
Stealth        | 2 3 4 |  4.0
Short Blades   | 1 3 5 6 7 |  7.6
Evocations     | 4 |  4.0
Dodging        | 4 6 7 |  7.1
Fighting       | |  1.1
Armour         | |  0.7

Action                   |  1- 3 |  4- 6 |  7- 9 || total
-------------------------+-------+-------+-------++-------
Melee: Club              |    80 |       |       ||    80
       Punch             |     4 |     3 |     2 ||     9
       Dagger            |   102 |    48 |    66 ||   216
       Short sword       |       |    97 |     6 ||   103
Evoke: Wand              |       |     9 |     6 ||    15
  Use: Potion            |       |       |     2 ||     2
 Stab: Sleeping          |    19 |    21 |     5 ||    45
       Distracted        |       |     1 |       ||     1
Armor: Leather armour    |    56 |       |       ||    56
       Robe              |       |    17 |    14 ||    31
Dodge: Dodged            |   175 |    77 |    44 ||   296
